Map: Eternal Empire LE

Players

Venkman - Winner!

  • Race: Terran Terran
  • Spawn Location: 1:00

A.I. 1 (Medium)

  • Race: Terran Terran
  • Spawn Location: 7:00

VOD

Have the link to the VOD?

Description

Test

Time

  • Played on: May 7, 2020, 6:07 a.m.
  • Length: 13:05
Show
View Real Time Build Order
Export as new Build Order

Venkman Terran - Winner!

Build Orders: 2 Factory, Gas First Reaper Expand, Mech 

Get SALT Encoding   

  12  0:01  SCV  
  13  0:13  SCV  
  14  0:17  Supply Depot  
  14  0:25  SCV  
  15  0:30  Refinery  
  15  0:38  SCV  
  16  0:46  Barracks  
  16  0:52  SCV  
  17  1:04  SCV  
  18  1:16  SCV  
  19  1:32  Orbital Command  
  19  1:33  Reaper  
  20  1:47  Command Center  
  20  1:58  Factory  
  20  2:01  SCV  
  21  2:10  Marine  
  21  2:12  Supply Depot  
  23  2:15  SCV  
  23  2:28  Refinery  
  23  2:29  Barracks Tech Lab  
  23  2:34  SCV  
  24  2:46  SCV  
  26  2:58  SCV  
  26  3:03  Supply Depot, Orbital Command  
  29  3:05  Siege Tank  
  29  3:10  SCV  
  30  3:18  Factory  
  30  3:22  SCV  
  31  3:28  Supply Depot  
  31  3:31  SCV  
  32  3:34  SCV  
  32  3:37  Siege Tank  
  36  3:42  Barracks Reactor  
  36  3:46  SCV  
  36  3:47  SCV  
  38  3:55  Bunker  
  38  3:58  SCV  
  38  3:59  SCV  
  40  4:04  Hellion  
  42  4:11  SCV x2  
  42  4:12  Command Center  
  44  4:23  SCV x2  
  46  4:28  Siege Tank  
  49  4:35  Engineering Bay, SCV x2  
  49  4:36  Armory  
  51  4:40  Refinery  
  51  4:42  Refinery  
  51  4:46  Supply Depot  
  51  4:47  SCV x2  
  51  4:50  Hellion x2  
  51  4:52  Barracks Tech Lab  
  57  4:59  SCV x2  
  59  5:11  SCV x2  
  63  5:14  Hellion  
  63  5:15  Hellion  
  63  5:19  Cyclone  
  68  5:23  SCV  
  68  5:25  Orbital Command  
  68  5:26  Starport, Barracks Tech Lab  
  69  5:33  Missile Turret  
  69  5:36  Missile Turret  
  69  5:38  SCV  
  69  5:39  SCV  
  71  5:49  Missile Turret  
  71  5:50  Orbital Command  
  71  5:51  Thor  
  71  5:55  Missile Turret  
  71  5:56  SCV x2  
  79  6:07  Hellion x2  
  79  6:08  SCV x2  
  85  6:19  Raven, Supply Depot  
  85  6:21  SCV x2  
  85  6:22  SCV  
  85  6:23  Supply Depot  
  85  6:25  Supply Depot  
  90  6:33  Terran Vehicle Weapons Level 1, SCV x2  
  90  6:34  Thor, Marine  
  90  6:36  Hellion  
  101  6:41  Hellion  
  104  6:47  SCV x3  
  104  6:50  Supply Depot x2  
  104  6:51  Supply Depot  
  104  6:53  Hi-Sec Auto Tracking  
  106  6:59  Factory  
  106  7:00  Barracks Tech Lab  
  106  7:02  SCV  
  106  7:03  SCV  
  106  7:04  Factory  
  106  7:06  Hellion  
  110  7:15  SCV x2  
  112  7:24  Supply Depot x2  
  112  7:25  Supply Depot  
  112  7:30  Missile Turret  
  112  7:32  SCV x3  
  112  7:34  Refinery x2  
  115  7:43  Hellion x2, Thor  
  125  7:50  Supply Depot  
  125  7:52  Starport, Armory, SCV x2  
  125  7:54  SCV  
  125  7:57  Neosteel Armor  
  128  8:00  Supply Depot  
  128  8:11  Thor  
  134  8:27  Sensor Tower  
  134  8:29  SCV x2  
  134  8:30  SCV  
  134  8:33  Command Center  
  137  8:34  Hellion, Thor  
  137  8:36  Medivac  
  137  8:37  Missile Turret  
  147  8:41  SCV x2  
  147  8:44  Terran Vehicle And Ship Armor Level 1  
  147  8:47  Terran Vehicle Weapons Level 2  
  149  8:50  Starport Reactor  
  149  8:56  Sensor Tower  
  149  9:03  Thor  
  149  9:04  Hellion x2  
  149  9:05  Hellion  
  149  9:09  Marine  
  162  9:19  Factory  
  162  9:23  Supply Depot  
  162  9:24  Factory  
  162  9:31  SCV  
  162  9:32  SCV x2  
  162  9:33  Thor  
  162  9:34  Hellion x2, Command Center  
  162  9:35  Refinery  
  162  9:37  Viking  
  177  9:39  Viking, Refinery  
  177  9:45  Supply Depot, Planetary Fortress  
  179  9:56  Siege Tank  
  179  9:57  Hellion x3  
  186  10:00  Medivac  
  188  10:09  SCV x3  
  191  10:16  Hellion  
  191  10:18  Hellion  
  191  10:21  Missile Turret, SCV  
  196  10:29  Missile Turret, Command Center  
  196  10:32  Factory Tech Lab  
  196  10:34  Ghost Academy  
  196  10:36  Ghost Academy  
  196  10:37  Factory Tech Lab  
  196  10:38  Barracks Tech Lab  
  196  10:41  Sensor Tower  
  196  10:42  Terran Vehicle And Ship Armor Level 2, Factory  
  196  10:49  Command Center  
  196  10:57  Hellion x2  
  198  11:00  Terran Infantry Weapons Level 1  
  200  11:14  Orbital Command  
  200  11:18  Missile Turret  
  200  11:19  Command Center  
  200  11:21  Missile Turret  
  200  11:39  Sensor Tower  
  200  11:41  Unknown  
  200  11:49  Factory Tech Lab  
  200  12:04  Command Center  
  200  12:05  Barracks  
  200  12:06  Command Center  
  200  12:07  Command Center  
  196  12:44  Command Center  
  194  12:52  Ghost Academy x2  
  194  12:53  Barracks  
  194  12:55  Ghost Academy  
  194  12:56  Missile Turret x2, Ghost Academy  
  192  12:58  Missile Turret x2  
  192  13:00  Factory  
  192  13:02  Factory  
  192  13:03  Factory  
Show
View Real Time Build Order
Export as new Build Order

A.I. 1 (Medium) Terran 

Build Orders:  

Get SALT Encoding   

  12  0:00  SCV  
  13  0:13  SCV  
  14  0:18  Supply Depot  
  14  0:25  SCV  
  15  0:40  SCV  
  16  0:43  Barracks  
  16  0:49  Refinery  
  16  0:52  SCV  
  17  1:04  SCV  
  18  1:17  Supply Depot  
  18  1:30  Marine  
  18  1:32  Orbital Command  
  19  1:35  Barracks  
  19  1:43  Refinery  
  19  1:49  Barracks Tech Lab  
  19  2:01  Factory  
  19  2:07  Marine  
  20  2:24  Marine  
  20  2:27  Marine  
  22  2:30  Supply Depot  
  22  2:42  Marine  
  23  2:45  Hellion  
  25  2:52  Marine, SCV  
  27  3:00  Supply Depot, Marine  
  27  3:04  SCV  
  29  3:09  Hellion  
  31  3:13  Engineering Bay  
  31  3:16  SCV  
  32  3:28  SCV  
  32  3:30  Hellion  
  35  3:40  SCV  
  36  3:52  SCV  
  37  5:09  Barracks Tech Lab, Marauder, SCV  
  37  5:12  Factory, Factory Tech Lab  
  40  5:15  Supply Depot  
  40  5:18  Missile Turret  
  40  5:19  Missile Turret  
  40  5:21  SCV  
  40  5:23  Sensor Tower  
  40  5:25  Armory  
  40  5:27  Barracks  
  41  5:30  Starport, Marauder  
  41  5:33  Marauder  
  45  5:40  Supply Depot  
  45  5:43  Bunker  
  45  5:51  Reaper  
  45  5:54  Marine  
  34  5:57  Factory Tech Lab  
  34  6:07  Command Center  
  34  6:08  Starport Tech Lab  
  34  6:12  Marine  
  34  6:14  Barracks Reactor  
  35  6:23  Marine  
  36  6:27  Raven  
  36  6:30  Marine  
  39  6:41  Reaper  
  40  6:48  Marine  
  40  6:53  Marine  
  42  7:01  Marine  
  43  7:10  Raven, Marine  
  46  7:19  Marauder  
  46  7:20  SCV  
  49  7:23  SCV  
  49  7:29  Refinery  
  50  7:31  Missile Turret  
  50  7:32  SCV  
  50  7:33  Missile Turret  
  50  7:35  SCV  
  52  7:38  Refinery  
  52  7:44  SCV  
  52  7:47  SCV  
  54  7:54  Bunker  
  54  7:56  SCV  
  55  7:59  SCV  
  56  8:08  SCV  
  56  8:11  SCV  
  58  8:21  SCV  
  58  8:24  SCV  
  60  8:33  SCV  
  61  8:36  SCV  
  62  8:45  SCV  
  62  8:48  SCV  
  64  8:57  SCV  
  64  9:00  SCV  
  66  9:10  Medivac  
  66  9:14  Starport  
  66  9:15  Supply Depot  
  68  9:21  Terran Ship Weapons Level 1  
  68  9:28  Hi-Sec Auto Tracking  
  68  9:34  Ghost Academy  
  68  9:38  Supply Depot  
  68  9:40  Viking  
  70  9:46  Fusion Core  
  70  9:49  Viking, Engineering Bay  
  70  9:54  Armory  
  50  10:10  Viking  
  52  10:20  Starport Tech Lab  
  51  10:38  Raven  
  51  10:40  Medivac  
  51  10:41  Terran Vehicle And Ship Armor Level 1  
  55  11:02  Command Center  
  55  11:09  Viking  
  57  11:21  Raven  
  59  11:39  Banshee  
  61  12:04  Viking  
  63  12:16  SCV, Marine  
  63  12:22  SCV  
  62  12:23  Hellion  
  62  12:28  SCV  
  51  12:31  Marauder  
  50  12:37  Marine  
  50  12:40  SCV  
  23  12:52  SCV  
Tags
 
Add a new tag
Caveats
  • Supply blocks, unpowered buildings, or Contaminate may cause inaccurate times.
  • Supply counts are checked every 10 seconds.